Map: Vestígio Bel'Shir LE (Void)

Players

Apocalypso - Winner!

  • Race: Zerg Zerg
  • League: Platinum
  • Spawn Location: 11:00

efelinto

  • Race: Protoss Protoss
  • League: Diamond
  • Spawn Location: 5:00

VOD

Have the link to the VOD?

Description

Time

  • Played on: April 21, 2017, 11:32 p.m.
  • Length: 13:23
Show
View Real Time Build Order
Export as new Build Order

Apocalypso Zerg - Winner!

Build Orders: Pool First 

Get SALT Encoding   

  12  0:00  Drone  
  13  0:12  Overlord  
  13  0:17  Drone  
  14  0:31  Drone x2  
  16  0:42  Spawning Pool  
  15  0:44  Extractor  
  15  0:46  Drone  
  16  0:50  Drone  
  16  0:56  Drone  
  17  1:07  Drone  
  18  1:17  Overlord  
  18  1:30  Queen, Roach Warren  
  19  1:36  Overlord  
  19  2:10  Roach x3  
  25  2:22  Roach  
  27  2:32  Roach  
  29  2:39  Roach x2  
  29  2:40  Roach  
  35  2:49  Roach  
  37  2:57  Overlord  
  36  3:07  Hatchery  
  35  3:17  Drone x3  
  35  3:18  Drone  
  39  3:55  Overlord x2  
  35  4:22  Drone  
  35  4:23  Drone x3  
  33  4:24  Queen  
  33  4:27  Lair  
  33  4:30  Drone x3  
  38  4:32  Extractor  
  37  4:43  Drone  
  37  4:44  Drone  
  37  4:45  Drone  
  40  4:47  Drone  
  41  4:55  Drone  
  41  4:57  Drone x4  
  46  5:02  Drone, Spine Crawler  
  46  5:11  Drone  
  47  5:25  Drone x3  
  50  5:31  Spine Crawler  
  50  5:33  Drone x5  
  50  5:34  Drone  
  55  5:38  Hydralisk Den  
  55  5:40  Evolution Chamber  
  53  5:43  Drone x2  
  53  5:45  Extractor  
  53  5:47  Extractor  
  53  5:59  Spore Crawler x2  
  52  6:04  Drone x3  
  54  6:15  Drone x3  
  57  6:20  Hydralisk  
  57  6:22  Overlord  
  57  6:23  Overlord x2  
  57  6:25  Muscular Augments  
  59  6:26  Zerg Missile Weapons Level 1  
  59  6:36  Infestation Pit  
  58  6:46  Hydralisk x2  
  62  6:47  Hydralisk x2  
  62  6:48  Hydralisk  
  62  6:49  Hydralisk  
  62  6:52  Evolution Chamber  
  69  7:00  Hydralisk x2  
  73  7:02  Overlord  
  73  7:04  Overlord  
  73  7:11  Overlord  
  71  7:20  Zerg Ground Armor Level 1  
  71  7:23  Hive  
  71  7:31  Glial Reconstitution  
  71  7:34  Roach x2  
  71  7:35  Roach x3  
  81  7:39  Roach  
  81  7:44  Overseer  
  83  7:50  Hatchery  
  82  8:07  Roach  
  82  8:08  Roach x4  
  82  8:09  Overlord x2  
  92  8:23  Zerg Missile Weapons Level 2  
  92  8:26  Queen  
  92  8:30  Overlord  
  94  8:41  Viper x2  
  98  8:58  Roach x2  
  98  8:59  Roach x7  
  116  9:19  Roach x2  
  116  9:20  Roach  
  122  9:53  Overlord x3  
  122  9:54  Overlord  
  122  9:58  Extractor  
  121  10:00  Extractor  
  121  10:01  Zerg Ground Armor Level 2  
  120  10:10  Spore Crawler  
  120  10:11  Spore Crawler  
  120  10:12  Drone x2  
  120  10:21  Viper x2  
  120  10:24  Roach x3  
  120  10:25  Roach x5  
  120  10:26  Overlord  
  120  10:27  Overlord x2  
  142  10:42  Drone  
  143  10:44  Roach x5  
  143  10:45  Roach  
  153  11:05  Hydralisk x2  
  153  11:06  Hydralisk x3  
  163  11:12  Drone  
  163  11:13  Drone  
  163  11:15  Drone x2  
  163  11:16  Drone  
  168  11:21  Drone  
  168  11:22  Drone  
  168  11:23  Drone  
  171  11:26  Drone  
  172  11:49  Overseer x4  
  170  11:59  Hydralisk x3  
  170  12:00  Overlord x2  
  150  12:49  Hydralisk x3  
  150  12:50  Hydralisk x7  
  150  12:51  Hydralisk  
  157  12:52  Hydralisk  
  157  12:53  Hydralisk x4  
Show
View Real Time Build Order
Export as new Build Order

efelinto Protoss 

Build Orders:  

Get SALT Encoding   

  12  0:01  Probe (Chrono Boost)  
  13  0:13  Probe (Chrono Boost)  
  15  0:28  Probe (Chrono Boost), Pylon  
  15  0:49  Gateway  
  16  0:52  Probe (Chrono Boost)  
  16  0:56  Gateway  
  16  1:03  Probe (Chrono Boost)  
  17  1:10  Forge  
  17  1:13  Probe (Chrono Boost)  
  17  1:16  Assimilator  
  18  1:20  Assimilator  
  18  1:24  Probe (Chrono Boost)  
  19  1:35  Probe (Chrono Boost)  
  19  1:39  Cybernetics Core  
  20  1:45  Probe (Chrono Boost)  
  21  1:50  Photon Cannon  
  21  2:01  Probe (Chrono Boost)  
  22  2:10  Pylon  
  22  2:24  Stalker  
  22  2:27  Pylon  
  26  2:39  Mothership Core (Chrono Boost)  
  26  2:54  Stargate  
  26  3:00  Warp Gate  
  26  3:10  Nexus  
  26  3:22  Sentry  
  28  3:42  Void Ray  
  33  4:17  Probe (Chrono Boost)  
  34  4:24  Probe (Chrono Boost)  
  34  4:29  Probe (Chrono Boost)  
  35  4:32  Gateway  
  35  4:34  Gateway  
  35  4:36  Probe (Chrono Boost), Gateway  
  35  4:37  Gateway  
  36  4:40  Void Ray  
  36  4:41  Probe (Chrono Boost)  
  41  4:49  Probe (Chrono Boost)  
  43  4:53  Probe (Chrono Boost)  
  44  5:01  Probe (Chrono Boost), Pylon  
  44  5:04  Probe (Chrono Boost)  
  45  5:13  Probe (Chrono Boost)  
  46  5:24  Probe (Chrono Boost)  
  46  5:26  Probe (Chrono Boost)  
  46  5:27  Stalker  
  46  5:28  Stalker  
  52  5:32  Void Ray  
  52  5:35  Probe (Chrono Boost)  
  57  5:38  Probe (Chrono Boost), Sentry  
  60  5:43  Assimilator  
  60  5:45  Probe (Chrono Boost)  
  60  5:47  Assimilator  
  62  5:50  Probe (Chrono Boost)  
  62  6:00  Pylon  
  62  6:03  Pylon  
  62  6:06  Pylon  
  62  6:18  Probe (Chrono Boost)  
  63  6:23  Probe (Chrono Boost), Sentry  
  63  6:24  Sentry  
  63  6:25  Sentry  
  70  6:29  Stalker x2  
  70  6:30  Zealot  
  76  6:43  Robotics Facility  
  76  6:45  Probe (Chrono Boost)  
  78  6:48  Probe (Chrono Boost)  
  78  6:55  Probe (Chrono Boost)  
  78  7:00  Probe (Chrono Boost)  
  80  7:06  Probe (Chrono Boost)  
  81  7:16  Probe (Chrono Boost), Zealot x2  
  86  7:26  Nexus  
  86  7:41  Pylon  
  86  7:42  Pylon  
  86  7:48  Pylon  
  86  7:49  Pylon  
  86  7:52  Pylon  
  86  7:56  Immortal  
  90  8:08  Robotics Bay  
  89  8:30  Immortal  
  89  8:39  Stalker  
  89  8:40  Stalker  
  89  8:41  Zealot x2  
  99  8:42  Zealot x2  
  105  8:49  Probe (Chrono Boost)  
  105  8:50  Probe (Chrono Boost)  
  105  8:51  Probe (Chrono Boost)  
  105  8:54  Colossus  
  108  8:56  Extended Thermal Lance  
  108  8:58  Robotics Facility  
  108  9:01  Colossus  
  109  9:03  Probe (Chrono Boost)  
  115  9:11  Probe (Chrono Boost)  
  115  9:12  Probe (Chrono Boost)  
  115  9:15  Probe (Chrono Boost)  
  115  9:16  Zealot x2  
  115  9:17  Zealot x2  
  124  9:21  Probe (Chrono Boost)  
  128  9:24  Probe (Chrono Boost)  
  128  9:27  Probe (Chrono Boost)  
  129  9:32  Probe (Chrono Boost), Photon Cannon  
  129  9:33  Photon Cannon  
  130  9:41  Zealot x2  
  134  9:48  Colossus  
  140  10:01  Pylon  
  140  10:06  Pylon  
  140  10:10  Pylon  
  140  10:12  Pylon  
  140  10:20  Zealot  
  140  10:21  Zealot x3  
  146  10:24  Zealot x2  
  152  10:35  Colossus  
  152  10:41  Probe (Chrono Boost)  
  152  10:42  Probe x2 (Chrono Boost)  
  161  10:45  Assimilator  
  161  10:47  Assimilator  
  161  10:54  Probe (Chrono Boost), Pylon  
  161  10:56  Pylon  
  162  10:57  Nexus  
  162  11:03  Zealot  
  162  11:04  Zealot x4  
  166  11:09  Pylon  
  172  11:13  Pylon  
  172  11:15  Pylon  
  172  11:30  Gateway  
  172  11:32  Gateway  
  172  11:35  Gateway  
  172  11:52  Zealot x6  
  184  12:01  Colossus  
  186  12:25  Zealot x2  
  186  12:26  Zealot x4  
  100  12:53  Stalker  
  100  12:54  Stalker x5  
Tags
 
Add a new tag
Caveats
  • Supply blocks, unpowered buildings, or Contaminate may cause inaccurate times.
  • Supply counts are checked every 10 seconds.